 Dungeon Crawl Stone Soup version 0.18.1-6-gd335043 (webtiles) character file.

193555 oplop the Bewitcher (level 18, -45/130 HPs)
             Began as a Vampire Enchanter on May 18, 2016.
             Was the Champion of Ashenzari.
             Killed from afar by a Hell Sentinel (51 damage)
             ... with damnation
             ... summoned by a deep elf demonologist
             ... on level 3 of the Elven Halls.
             The game lasted 02:17:59 (29720 turns).

oplop the Bewitcher (Vampire Enchanter)            Turns: 29720, Time: 02:17:59

Health: -45/130    AC:  0    Str:  7    XL:     18   Next: 7%
Magic:  31/33      EV: 42    Int: 18    God:    Ashenzari [******]
Gold:   3070       SH:  0    Dex: 27    Spells: 8 memorised, 21 levels left

rFire  . . .     SeeInvis +     (weapon currently unavailable)
rCold  . . .     Gourm    .     (armour currently unavailable)
rNeg   + . .     Faith    .     (shield currently unavailable)
rPois  .         Spirit   .     (helmet currently unavailable)
rElec  .         Dismiss  .     (cloak currently unavailable)
rCorr  .         Reflect  .     (gloves currently unavailable)
SustAt .         Harm     .     (boots currently unavailable)
MR     +....     Clarity  +     F - amulet of magic regeneration (curse)
Stlth  ++++++++..               (ring currently unavailable)
                                (ring currently unavailable)

@: about to teleport, bat-form, flying, very slightly contaminated, very quick,
somewhat resistant to hostile enchantments, extraordinarily stealthy
A: fangs 3, repulsion field 1, see invisible, low mp 1, mutation resistance 1,
(unbreathing)
a: End Transformation, Curse Item, Scrying, Transfer Knowledge, Renounce
Religion


You were on level 3 of the Elven Halls.
You worshipped Ashenzari.
Ashenzari was exalted by your worship.
You were not thirsty.
You were in vampire-bat-form.
You visited 7 branches of the dungeon, and saw 35 of its levels.
You also visited: Labyrinth.

You collected 3238 gold pieces.
You spent 168 gold pieces at shops.

Inventory:

Hand Weapons
 a - the +4 dagger "Morg" (melded) {pain, MR+ Int+5}
   (You found it on level 2 of the Elven Halls)

   In the hands of one skilled in necromantic magic, it inflicts extra damage on
   living creatures.
   It affects your intelligence (+5).
   It affects your resistance to hostile enchantments.
 A - a +0 blowgun
Armour
 c - the cursed +0 shield "Exacav" {rElec Int+4}
   (You acquired it on level 1 of the Lair of Beasts)

   It affects your intelligence (+4).
   It insulates you from electricity.
   It has a curse placed upon it.
 h - a cursed +1 pair of gloves (melded)
 n - a cursed +0 pair of gloves of dexterity
 u - a +0 cloak (melded)
 x - a cursed -1 buckler (melded)
 L - a cursed +2 helmet (melded)
 V - a cursed +2 robe of the Archmagi (melded)
Jewellery
 d - an uncursed amulet of regeneration
 r - a ring of stealth (melded)
 z - an uncursed ring of protection from fire
 F - a cursed amulet of magic regeneration (around neck)
 Q - the cursed ring "Weaxat" (melded) {rF+ rN++ AC+3}
   (You took it off a minotaur in a labyrinth)

   [ring of protection]

   It affects your AC (+3).
   It protects you from fire.
   It greatly protects you from negative energy.
   It has a curse placed upon it.
 X - a +3 ring of slaying
Wands
 l - a wand of iceblast (6/15)
 v - a wand of enslavement (17/24)
 w - a wand of digging (9/24)
 y - a wand of disintegration (10/24)
 G - a wand of teleportation (3/9)
 M - a wand of iceblast (1/15)
 P - a wand of disintegration (10/24)
 T - a wand of iceblast (8/15)
Scrolls
 j - 4 scrolls of enchant weapon
 m - 5 scrolls of magic mapping
 p - 3 scrolls of amnesia
 q - 7 scrolls of enchant armour
 t - 3 scrolls of teleportation
 D - 4 scrolls of noise
 E - 7 scrolls of fog
 H - 5 scrolls of recharging
 I - 12 scrolls of identify
 N - 6 scrolls of summoning
 O - 10 scrolls of remove curse
 S - 3 scrolls of immolation
 U - a scroll of holy word
Potions
 k - 2 potions of haste
 o - a potion of ambrosia
 s - 3 potions of agility
 B - a potion of invisibility
 C - 5 potions of brilliance
 J - 3 potions of resistance
 R - 8 potions of curing
 W - 13 potions of blood
 Y - 3 potions of flight
 Z - a potion of heal wounds
Books
 e - a Grand Grimoire

   Spells                             Type                      Level
   a - Monstrous Menagerie            Summoning                    7
   b - Summon Greater Demon           Summoning                    7
   c - Malign Gateway                 Summoning/Translocation      7
   d - Summon Horrible Things         Summoning                    8
 f - Jeisun's Guide on Black Rites
   (You found it on level 1 of the Elven Halls)

   Spells                             Type                      Level
   a - Animate Skeleton               Necromancy                   1
   b - Bolt of Draining               Conjuration/Necromancy       5
   c - Cigotuvi's Embrace             Necromancy                   5
   d - Dispel Undead                  Necromancy                   5
 g - a book of Enchantments

   Spells                             Type                      Level
   a - Cause Fear                     Hexes                        4
   b - Yara's Violent Unravelling     Hexes/Transmutation          5
   c - Silence                        Hexes/Air                    5
   d - Deflect Missiles               Charms/Air                   6
   e - Haste                          Charms                       6
   f - Discord                        Hexes                        8
 i - a book of Dreams

   Spells                             Type                      Level
   a - Ensorcelled Hibernation        Hexes/Ice                    2
   b - Silence                        Hexes/Air                    5
   c - Darkness                       Hexes                        6
   d - Shadow Creatures               Summoning                    6
 K - a book of Annihilations

   Spells                             Type                      Level
   a - Poison Arrow                   Conjuration/Poison           6
   b - Chain Lightning                Conjuration/Air              8
   c - Lehudib's Crystal Spear        Conjuration/Earth            8
   d - Glaciate                       Conjuration/Ice              9
   e - Fire Storm                     Conjuration/Fire             9
Miscellaneous
 b - a phial of floods


   Skills:
 - Level 8.3 Fighting
 - Level 10.2 Short Blades
 - Level 12.8(15.4) Dodging
 - Level 10.7(13.5) Stealth
 - Level 7.6(10.6) Shields
 - Level 15.0 Spellcasting
 - Level 15.5(18.0) Hexes
 + Level 12.7(15.3) Summonings
 + Level 12.8(15.5) Necromancy
 - Level 3.4(6.1) Translocations
 - Level 4.3(7.2) Ice Magic


You had 21 spell levels left.
You knew the following spells:

 Your Spells              Type           Power        Failure   Level  Hunger
a - Corona                Hex            ######.      0%          1    None
b - Ensorcelled Hibernat  Hex/Ice        ######       1%          2    None
c - Confuse               Hex            ######..     0%          3    None
d - Tukima's Dance        Hex            ######..     0%          3    None
e - Dazzling Spray        Conj/Hex       #####...     1%          3    None
f - Apportation           Tloc           #####.....   1%          1    None
g - Invisibility          Hex            ######..     1%          6    #####..
h - Haunt                 Necr/Summ      ######....   10%         7    #######


Dungeon Overview and Level Annotations

Branches:
Dungeon (15/15)            Temple (1/1) D:5            Lair (8/8) D:10
  Swamp (2/4) Lair:3       Spider (4/4) Lair:5        Slime (0/6) Lair:6
    Orc (2/2) D:9             Elf (3/3) Orc:2        Vaults (0/5) D:14
 Depths (0/5) D:15

Altars:
Ashenzari
Cheibriados
Dithmenos
Elyvilon
Fedhas
Gozag
Kikubaaqudgha
Makhleb
Nemelex Xobeh
Okawaru
Qazlal
Ru
Sif Muna
Trog
Xom
Zin
The Shining One

Shops:
D:11 }   Orc:2 =[%[   Elf:1 ?

Annotations:
D:14 exclusion: Roxanne, Roxanne
Elf:2 exclusion: 3 doors
Elf:3 2 exclusions, Hipnos's ghost, adept DsFi


Innate Abilities, Weirdness & Mutations

You have razor-sharp teeth.
You have supernaturally acute eyesight.
((You can survive without breathing.))
You are surrounded by a mild repulsion field (EV +2).
Your magical capacity is low (-10% MP).
You are somewhat resistant to further mutation.


Message History

The sixfirhy completely misses you.
The deep elf demonologist casts a spell.
Really attack barehanded? [Y]es or [N]o only, please.
Really attack barehanded?
Okay, then.
Read which item? (? for menu, Esc to quit)
As you read the scroll of teleportation, it crumbles to dust.
You feel strangely unstable.
The Hell Sentinel completely misses you.
The Hell Sentinel hits you!
* * * LOW HITPOINT WARNING * * *
You can't do that in your present form.
The deep elf demonologist is no longer moving slowly.
The balrug gestures at you.
The bolt of fire hits the Hell Sentinel.
The Hell Sentinel completely resists.
The bolt of fire misses you. The Hell Sentinel gestures at you.
The damnation unfurls!
The damnation engulfs you!
You die...

...#.......'...'.P{....P.#######.
'####.....######.........# #. .#
##...## #.........# #####.
'####'#'## ##...P...'###...##
{.)#.##.# ####.....##'.......
...'###.# ###..#######.........
....# #.# #.......# #{........
.)..###.# #.......####434......
.)...##.# #...b.(4'e.44.[......
....###.# #.......####e{.......
....# #.# #..4....# #.{.......
...)###.# ##1#...### #.........
.<.#)##'####2###### ###.......
'####.....#e## ##....## .#
##.....'## * ** #.#### .#
#....)).# * ∆∆∆∆* #...# .#
#...P...# *∆∆∆%. #.#.#


You could see a Hell Sentinel, a balrug, 2 deep elf demonologists, an orange
demon, a rust devil and a sixfirhy.

Vanquished Creatures
  Asterion (Spider:3)
  A deep elf master archer (Elf:3)
  Kirke (D:14)
  A fire giant (D:15)
  Louise (Spider:3)
  2 ghost moths
  3 emperor scorpions
  Aizul (Spider:1)
  3 deep elf sorcerers (Elf:3)
  A deep elf elementalist (Elf:3)
  2 deep elf demonologists (Elf:3)
  2 deep elf annihilators (Elf:3)
  The ghost of Bubs the Blocker, a journeyman FoFi of Elyvilon (Orc:1)
  Azrael (Spider:1)
  A spark wasp (Spider:3)
  Snorg (D:10)
  2 deep elf death magi
  3 vault guards (D:14)
  A minotaur (Lab)
  3 entropy weavers
  11 hydras
  An anaconda (Swamp:2)
  A catoblepas (Lair:8)
  An alligator (Swamp:1)
  A tengu warrior (D:13)
  The ghost of Scuka the Basher, a journeyman GrFi of Okawaru (D:12)
  8 death yaks
  4 orc high priests
  17 dancing weapons
  16 deep elf knights
  A fire crab (shapeshifter) (Elf:2)
  A death drake (shapeshifter) (Elf:3)
  9 deep elf archers
  3 unseen horrors
  2 shambling mangroves (Swamp:1)
  3 hill giants
  4 swamp dragons
  6 orc knights
  2 wizards (D:14)
  5 necromancers
  13 orb spiders
  39 deep elf magi
  8 ugly things
  4 orc sorcerers (Orc:2)
  3 griffons
  The ghost of HungrySpirit the Transmogrifier, a novice FeTm of Sif Muna (D:11)
  13 elephants
  2 moths of wrath (Spider:1)
  20 wolf spiders
  5 large abominations (Elf:1)
  2 hornets
  14 black mambas
  Joseph (Lair:1)
  Psyche (D:8)
  A gargoyle (D:13)
  28 spiny frogs
  5 rime drakes
  10 demonic crawlers
  A freezing wraith (D:15)
  7 komodo dragons
  6 trolls
  5 giant leeches
  A tengu conjurer (D:13)
  30 jumping spiders
  A polar bear (Lair:6)
  3 two-headed ogres
  A two-headed ogre (shapeshifter) (Elf:1)
  2 boulder beetles (Spider:3)
  4 bog bodies
  27 blink frogs
  6 slime creatures (Swamp:2)
  48 redbacks
  A wraith (D:12)
  4 wyverns
  A shadow (D:12)
  14 tarantellas
  4 water elementals
  2 air elementals (Elf:1)
  18 humans
  2 basilisks
  26 yaks
  6 fire elementals
  Grum (D:10)
  A steam dragon (D:10)
  8 hippogriffs
  2 hungry ghosts
  16 vampire mosquitoes
  A mottled dragon (D:14)
  4 swamp worms
  A soldier ant (D:9)
  5 insubstantial wisps (Swamp:1)
  12 water moccasins
  A hell hound (Spider:1)
  4 ice beasts
  13 orc warriors
  2 phantoms
  2 swamp drakes (Swamp:1)
  A hornet simulacrum (D:15)
  15 porcupines
  3 sky beasts
  2 black bears
  10 wasps
  2 eyes of draining
  13 centaurs
  5 ogres
  3 wolves
  21 crocodiles
  2 big kobolds
  2 elf zombies (Elf:1)
  34 giant frogs
  2 wyvern zombies
  An earth elemental (Elf:2)
  3 scorpions
  7 killer bees
  3 wights
  3 electric eels (Lair:8)
  4 howler monkeys
  3 crimson imps
  A wasp zombie (D:11)
  2 giant frog zombies
  4 quasits
  A giant frog skeleton (D:7)
  5 jellies
  Crazy Yiuf (D:6)
  9 orc priests
  A hound (D:4)
  6 centaur skeletons
  Ijyb (D:3)
  6 iguanas
  18 orc wizards
  4 worker ants
  7 hell rats (Lair:5)
  16 sheep
  A killer bee zombie (D:8)
  A hound skeleton (D:6)
  2 howler monkey zombies
  13 adders
  3 gnolls
  36 river rats
  3 shadow imps
  An ooze (D:6)
  4 adder skeletons
  2 worms
  2 dart slugs (D:4)
  2 giant geckos
  53 orcs
  7 bats
  4 giant cockroaches
  10 goblins
  8 hobgoblins
  11 jackals
  A quokka (D:7)
  3 ball pythons
  A giant gecko zombie (D:9)
  5 giant newts
  10 kobolds
  15 rats
1011 creatures vanquished.

Vanquished Creatures (collateral kills)
  Rupert (D:12)
  Donald (Elf:1)
  2 deep elf elementalists (Elf:3)
  A deep elf annihilator (Elf:3)
  An orc high priest (Elf:2)
  2 orc knights
  3 blink frogs (Lair:1)
  10 orc warriors
  An ogre (Orc:2)
  2 orc priests
  3 orc wizards
  10 orcs
37 creatures vanquished.

Vanquished Creatures (others)
  A deep elf blademaster (Elf:2)
  A deep elf master archer (Elf:3)
  9 dancing weapons
  A human (D:14)
  2 orc wizards (Orc:2)
  An orc (Elf:3)
  A briar patch (Swamp:2)
  15 fungi
  32 plants
63 creatures vanquished.

Grand Total: 1111 creatures vanquished

Notes
Turn   | Place    | Note
--------------------------------------------------------------
     0 | D:1      | oplop the Vampire Enchanter began the quest for the Orb.
     0 | D:1      | Reached XP level 1. HP: 13/13 MP: 3/3
   153 | D:1      | Reached XP level 2. HP: 17/19 MP: 3/5
   163 | D:1      | Learned a level 2 spell: Ensorcelled Hibernation
   465 | D:2      | Reached skill level 5 in Hexes
   565 | D:3      | Found a faded altar to an unknown god.
   566 | D:3      | Found a shimmering altar of Xom.
   567 | D:3      | Found a glowing silver altar of Zin.
   607 | D:4      | Reached XP level 3. HP: 16/24 MP: 0/6
   681 | D:4      | Learned a level 3 spell: Confuse
   722 | D:4      | HP: 1/24 [hound (1)]
   857 | D:3      | Noticed Ijyb
  1041 | D:2      | Found a snail-covered altar of Cheibriados.
  1058 | D:2      | Found an ancient bone altar of Kikubaaqudgha.
  1181 | D:2      | Found an iron altar of Okawaru.
  1223 | D:2      | Reached XP level 4. HP: 31/31 MP: 1/8
  1489 | D:3      | Killed Ijyb
  1500 | D:3      | Reached skill level 1 in Fighting
  1720 | D:3      | Reached XP level 5. HP: 31/37 MP: 0/9
  1932 | D:4      | Learned a level 3 spell: Tukima's Dance
  2063 | D:4      | Reached XP level 6. HP: 36/44 MP: 8/11
  2783 | D:5      | Entered Level 5 of the Dungeon
  3110 | D:5      | Reached XP level 7. HP: 35/51 MP: 6/13
  3128 | D:5      | Found a white marble altar of Elyvilon.
  3195 | D:5      | Found a staircase to the Ecumenical Temple.
  3261 | Temple   | Entered the Ecumenical Temple
  3476 | Temple   | Became a worshipper of Ashenzari the Shackled
  4156 | D:5      | Learned a level 3 spell: Dazzling Spray
  4372 | D:6      | Noticed Crazy Yiuf
  4378 | D:6      | Killed Crazy Yiuf
  4430 | D:6      | Found an opulent altar of Gozag.
  4598 | D:7      | Reached XP level 8. HP: 58/58 MP: 8/15
  5204 | D:6      | wvc: jinx это чего такое?
  5204 | D:6      | oplop: проклятье
  5215 | D:6      | Reached skill level 5 in Short Blades
  5215 | D:6      | Reached skill level 5 in Spellcasting
  5425 | D:7      | Reached * piety under Ashenzari
  5747 | D:8      | namelastname112: !title hexes
  5747 | D:8      | beem: hexes: Vexing (1-7), Jinx (8-14), Bewitcher (15-20), Maledictor (21-26), Spellbinder (27)
  5908 | D:8      | Reached skill level 5 in Dodging
  5952 | D:8      | Reached skill level 5 in Stealth
  5969 | D:8      | Noticed Psyche
  5976 | D:8      | Killed Psyche
  5976 | D:8      | Reached XP level 9. HP: 40/65 MP: 13/17
  6130 | D:9      | Learned a level 1 spell: Apportation
  6207 | D:9      | Found a staircase to the Orcish Mines.
  6296 | D:9      | Gained mutation: Your magical capacity is low (-10% MP). [potion of mutation]
  6296 | D:9      | Gained mutation: You are somewhat resistant to further mutation. [potion of mutation]
  6816 | D:9      | Found a blossoming altar of Fedhas.
  6987 | D:9      | Reached skill level 5 in Fighting
  7094 | D:10     | Entered Level 10 of the Dungeon
  7154 | D:10     | Noticed a hill giant
  7161 | D:10     | Killed a hill giant
  7161 | D:10     | Reached XP level 10. HP: 68/74 MP: 16/16
  7404 | D:10     | Found a staircase to the Lair.
  7621 | D:10     | Noticed Snorg
  7782 | D:10     | Killed Snorg
  7782 | D:10     | Reached skill level 10 in Stealth
  7879 | D:10     | Noticed Grum
  7913 | D:10     | Killed Grum
  8134 | D:10     | Wingboner: Креведствую.
  8189 | D:11     | Found Bett's Gadget Boutique.
  8189 | D:11     | Noticed a cyan ugly thing
  8266 | D:11     | Killed a cyan ugly thing
  8322 | D:11     | Noticed an eight-headed hydra
  8460 | Lair:1   | Entered Level 1 of the Lair of Beasts
  8460 | Lair:1   | Noticed a seven-headed hydra
  8466 | Lair:1   | Noticed a spiny frog
  8467 | Lair:1   | Killed a seven-headed hydra
  8467 | Lair:1   | Wingboner: !apt te
  8467 | Lair:1   | beem: Te: Fighting: 0, Short: 1, Long: 1, Axes: 1, Maces: 1, Polearms: 1, Staves: 1, Slings: 0, Bows: 1, Xbows: 1, Throw: 0, Armour: 1, Dodge: 1, Stealth: 1, Shields: 0, UC: 1!, Splcast: -1, Conj: 3!, Hexes: -3, Charms: -2, Summ: 2!, Nec: 1, Tloc: -2, Tmut: -2, Fire: 1, Ice: -1, Air: 3!, Earth: -3*, Poison: 0, Inv: -1*, Evo: 0, Exp: 0, HP: -2, MP: 1
  8467 | Lair:1   | oplop: You kill the seven-headed hydra! The seven-headed hydra turns into a zombie!
  8467 | Lair:1   | Wingboner: Это просто хаос!
  8467 | Lair:1   | oplop: [t
  8467 | Lair:1   | oplop: хе
  8467 | Lair:1   | Reached XP level 11. HP: 83/83 MP: 17/17
  8472 | Lair:1   | Reached skill level 10 in Hexes
  8744 | Lair:1   | Noticed Joseph
  8759 | Lair:1   | Killed Joseph
  8899 | Lair:1   | Reached ** piety under Ashenzari
  9208 | Lair:1   | Wingboner: !stats tetm
  9216 | Lair:1   | beem: Starting stats for TeTm: Str 10 Int 13 Dex 14. Stat gain: sid/4
  9293 | Lair:2   | Wingboner: >sid/4
  9309 | Lair:2   | Wingboner: Крайне не люблю.
  9309 | Lair:2   | oplop: рандомный стат?
  9309 | Lair:2   | Wingboner: Да.
  9309 | Lair:2   | namelastname112: !apt te
  9309 | Lair:2   | beem: Te: Fighting: 0, Short: 1, Long: 1, Axes: 1, Maces: 1, Polearms: 1, Staves: 1, Slings: 0, Bows: 1, Xbows: 1, Throw: 0, Armour: 1, Dodge: 1, Stealth: 1, Shields: 0, UC: 1!, Splcast: -1, Conj: 3!, Hexes: -3, Charms: -2, Summ: 2!, Nec: 1, Tloc: -2, Tmut: -2, Fire: 1, Ice: -1, Air: 3!, Earth: -3*, Poison: 0, Inv: -1*, Evo: 0, Exp: 0, HP: -2, MP: 1
  9309 | Lair:2   | namelastname112: -2 тмуты
  9309 | Lair:2   | namelastname112: ммм
  9309 | Lair:2   | Wingboner: Ой, да как будто это меня когда-то останавливало.
  9309 | Lair:2   | Wingboner: !hs . teee
  9309 | Lair:2   | beem: No games for Wingboner (teee sc<1000000000).
  9309 | Lair:2   | Wingboner: !hs xenobreeder teee
  9309 | Lair:2   | beem: 3. casual the Portalist (L27 TeEE of Cheibriados), escaped with the Orb and 5 runes on 2015-05-23 11:29:49, with 2421545 points after 112361 turns and 8:39:47.
  9320 | Lair:2   | Reached skill level 1 in Shields
  9590 | Lair:2   | namelastname112: небось 0.16
  9618 | Lair:2   | Wingboner: !hs xenobreeder teee x=cv
  9621 | Lair:2   | beem: 3. [cv=0.17-a] casual the Portalist (L27 TeEE of Cheibriados), escaped with the Orb and 5 runes on 2015-05-23 11:29:49, with 2421545 points after 112361 turns and 8:39:47.
  9631 | Lair:2   | namelastname112: лел
  9642 | Lair:2   | namelastname112: ну ладно
 10058 | Lair:3   | oplop: ненужнокнига
 10058 | Lair:3   | Wingboner: Ну почему же, можно выучить призрачков.
 10127 | Lair:3   | oplop: хаунт чтоле?
 10127 | Lair:3   | Wingboner: Агась.
 10127 | Lair:3   | oplop: инвиз пока
 10127 | Lair:3   | oplop: потом хаунт
 10127 | Lair:3   | Wingboner: Резонно.
 10137 | Lair:3   | Identified the Incunabulum of Ashen Conjuration (You found it on level 3 of the Lair of Beasts)
 10291 | Lair:3   | Found a staircase to the Swamp.
 10344 | Lair:3   | Noticed a six-headed hydra
 10353 | Lair:3   | Killed a six-headed hydra
 10423 | Lair:3   | Learned a level 6 spell: Invisibility
 10627 | Lair:4   | Found a labyrinth entrance.
 10631 | Lair:4   | Reached XP level 12. HP: 91/91 MP: 18/18
 10636 | Lab      | Entered a labyrinth
 10644 | Lab      | Wingboner: >d4
 10644 | Lab      | Wingboner: >30 EV без вещей на плюс
 10657 | Lab      | Reached *** piety under Ashenzari
 10864 | Lab      | namelastname112: https://www.youtube.com/watch?v=Zfc3I8IyrX0
 10882 | Lab      | oplop: винг, это на окм?
 10882 | Lab      | oplop: ком
 10882 | Lab      | Wingboner: TeTm
 10882 | Lab      | oplop: нейм, опять ты говна въебал
 10886 | Lab      | Wingboner: Полёт адски складывается с пауком.
 10895 | Lab      | oplop: лол
 10895 | Lab      | oplop: летучий паук
 10935 | Lab      | Noticed a minotaur
 10945 | Lab      | Killed a minotaur
 10945 | Lab      | Identified the ring "Weaxat" {rF+ rN++ AC+3} (You took it off a minotaur in a labyrinth)
 10948 | Lab      | oplop: ого
 10948 | Lab      | oplop: какое колечко
 10957 | Lab      | oplop: и роба архимага
 10957 | Lab      | oplop: джекпот
 11323 | Lair:4   | Reached skill level 10 in Short Blades
 11358 | Lair:4   | Gained mutation: You are surrounded by a mild repulsion field (EV +2). [potion of beneficial mutation]
 11383 | Lair:4   | Wingboner: ??te
 11383 | Lair:4   | beem: tengu[1/6]: Basically humanoid with bird-like heads and clawed feet, the Tengu can wear all types of armour except helmets and boots. Gets temporary flight (with refractory period) at XL5, perm flight at XL14. While flying from any source, has +20% evasion and a -1 to movement delay.
 11383 | Lair:4   | Wingboner: На 14м постоянка, хм.
 11384 | Lair:4   | oplop: ну да
 11887 | Lair:4   | Wingboner: Я просто не помнил, когда.
 12023 | Lair:1   | oplop: ??haunt
 12023 | Lair:1   | beem: haunt[1/2]: (L7 summ/necr): Summons 2-6 wraiths and undead "ghost" type monsters around the target. Smite-targeted, but only castable on a monster. In 0.16- caused sickness when cast unless you worship Kikubaaqudgha and pass a piety-in-200 check.
 12023 | Lair:1   | oplop: ??haunt[2
 12023 | Lair:1   | beem: haunt[2/2]: < crate_> anyway if you have haunt sickness doesnt matter anyway < crate_> because you have haunt
 12136 | Lair:3   | Identified the +1 leather armour of Resourcefulness {-Tele Dex+4 SInv}
 12205 | Lair:5   | Reached skill level 10 in Dodging
 12441 | Lair:5   | Reached **** piety under Ashenzari
 12493 | Lair:5   | Found a hole to the Spider Nest.
 12543 | Lair:5   | Noticed a death yak
 12790 | Lair:6   | Found a staircase to the Slime Pits.
 12874 | Lair:6   | Reached XP level 13. HP: 96/96 MP: 22/22
 13295 | Lair:7   | Reached skill level 15 in Hexes
 13704 | Lair:8   | Entered Level 8 of the Lair of Beasts
 14166 | Lair:8   | Reached ***** piety under Ashenzari
 14197 | Lair:8   | Reached skill level 10 in Spellcasting
 14381 | Lair:8   | Reached skill level 1 in Translocations
 14381 | Lair:8   | Reached XP level 14. HP: 103/103 MP: 16/25
 14759 | Lair:5   | Identified 2 scrolls of acquirement
 14761 | Lair:5   | oplop: два аквариума
 14761 | Lair:5   | oplop: чеб попросить?
 15080 | Lair:5   | Wingboner: Армор?
 15080 | Lair:5   | oplop: +2 шапочка будет
 15080 | Lair:5   | oplop: хехе
 15144 | Lair:5   | Wingboner: Да ну, чего ты.
 15219 | Lair:1   | Wingboner: +10 кристалл-броня!
 15252 | Lair:1   | oplop: окп, да
 15252 | Lair:1   | Identified the cursed +0 shield "Exacav" {rElec Int+4} (You acquired it on level 1 of the Lair of Beasts)
 15254 | Lair:1   | oplop: ну норм
 15254 | Lair:1   | oplop: хуевенько так то, но рэлек
 15256 | Lair:1   | Wingboner: Сойдёт.
 15259 | Lair:1   | oplop: ??iron rod
 15259 | Lair:1   | beem: iron rod[1/4]: Blasts the area in front of you with metallic fragments. Their number and spread increase with evocation power. Range 6. To-hit: 7+power/15.
 15259 | Lair:1   | oplop: ??iron rod[2
 15259 | Lair:1   | beem: iron rod[2/4]: "At high spellpower, you may think of it as Super Scattershot." -- Grunt
 15259 | Lair:1   | oplop: ??iron rod[3
 15259 | Lair:1   | beem: iron rod[3/4]: !lm sgrunt 9995 -tv:<3.0
 15259 | Lair:1   | oplop: ??iron rod[4
 15259 | Lair:1   | beem: iron rod[4/4]: The burst of metal fragments hits the deep elf death mage. x3 The lost soul assumes the form of the deep elf death mage and becomes anchored to this world! The burst of metal fragments hits the ghostly deep elf death mage. x4 _You destroy the ghostly deep elf death mage!
 15259 | Lair:1   | oplop: ммм
 15259 | Lair:1   | oplop: прикольно
 15269 | Lair:1   | Learned a level 7 spell: Haunt
 15361 | D:11     | Noticed HungrySpirit's ghost (novice FeTm)
 15374 | D:11     | Killed HungrySpirit's ghost
 15374 | D:11     | Reached skill level 1 in Summonings
 15559 | D:11     | Reached skill level 1 in Necromancy
 15868 | D:12     | Noticed Rupert
 15870 | D:12     | Wingboner: @?firespitter statue
 15870 | D:12     | beem: firespitter statue (8)
                  | Spd: 10 (stationary)
                  | HD: 8
                  | HP: 61-84
                  | AC/EV: 12/1
                  | Dam: 20
                  | non-living, items, doors, master archer, unbreathing, vault
                  | Res: magic(immune), fire++, cold++, elec, poison+++, drown, rot+++, neg+++, torm
                  | XP: 614
                  | Sp: throw flame (3d7) [!sil], sticky flame range (3d4) [!sil], b.magma (3d16) [!sil], b.fire (3d16)
 15896 | D:12     | oplop: это что за статуя
 15896 | D:12     | oplop: новое что то?
 15896 | D:12     | oplop: ??firespitter statue
 15896 | D:12     | beem: I don't have a page labeled firespitter_statue in my learndb.
 15896 | D:12     | Wingboner: Не, старое. В вулкане.
 15919 | D:12     | Noticed Scuka's ghost (journeyman GrFi)
 15920 | D:12     | oplop: сцука
 15930 | D:12     | Wingboner: А я призраков закидываю змейсами.
 16138 | D:12     | Killed Rupert
 16138 | D:12     | Reached skill level 5 in Shields
 16278 | D:12     | Killed Scuka's ghost
 17270 | D:14     | Noticed Kirke
 17272 | D:14     | Killed Kirke
 17507 | D:14     | Noticed Roxanne
 17807 | D:14     | Reached skill level 5 in Necromancy
 17820 | D:14     | Reached skill level 5 in Summonings
 17820 | D:14     | Reached XP level 15. HP: 111/111 MP: 26/26
 17857 | D:14     | Found a gate to the Vaults.
 17928 | D:14     | Identified the cursed +1 robe of Proximity {Str-3 Dex+4 SInv}
 17985 | D:14     | Found a glowing golden altar of the Shining One.
 18000 | D:15     | Entered Level 15 of the Dungeon
 18033 | D:15     | Found a staircase to the Depths.
 18034 | D:15     | Noticed a fire giant
 18042 | D:15     | Killed a fire giant
 18043 | D:15     | oplop: я утопил фаергигианта в лаве
 18720 | Orc:1    | Entered Level 1 of the Orcish Mines
 18720 | Orc:1    | Noticed Bubs's ghost (journeyman FoFi)
 18721 | Orc:1    | Wingboner: А меня автоисследование ЗАВЕЛО.
 18721 | Orc:1    | Wingboner: &dump
 18721 | Orc:1    | beem: http://CRAWL.XTAHUA.COM/crawl/morgue/Wingboner/Wingboner.txt
 18721 | Orc:1    | Wingboner: Думаю теперь, как с наименьшими потерями выбраться.
 18721 | Orc:1    | oplop: [s
 18721 | Orc:1    | oplop: хы
 18721 | Orc:1    | Wingboner: В итоге долбанул чеиабилку, потом разобрал по одной.
 18721 | Orc:1    | oplop: норм
 18779 | Orc:1    | Killed Bubs's ghost
 19210 | Orc:2    | Entered Level 2 of the Orcish Mines
 19403 | Orc:2    | Found Yntiq's Armour Shop.
 19408 | Orc:2    | Found Joboucev's Armour Shoppe.
 19443 | Orc:2    | Found Pocyb's Food Shop.
 19531 | Orc:2    | Found a staircase to the Elven Halls.
 19725 | Orc:2    | Found Qoom's Jewellery Shoppe.
 20053 | Swamp:1  | Entered Level 1 of the Swamp
 20810 | Swamp:2  | Reached ****** piety under Ashenzari
 20860 | Swamp:2  | Noticed a thorn hunter
 20874 | Swamp:2  | namelastname112: выиграл я своим демигадом
 20888 | Swamp:2  | oplop: а мне опять торнхантеров нечем бить
 20888 | Swamp:2  | oplop: молодец
 20925 | Swamp:1  | Wingboner: One man team strikes again!
 21040 | Swamp:2  | Noticed a thorn hunter
 21205 | Spider:1 | Entered Level 1 of the Spider Nest
 21910 | Spider:1 | xeno23: лел
 21940 | Spider:1 | oplop: блин, чег овы набежали
 21940 | Spider:1 | xeno23: меня 4 раза кинуло в волт к панлорду
 21940 | Spider:1 | xeno23: 4/4
 21940 | Spider:1 | oplop: я ж помру ща
 21940 | Spider:1 | xeno23: вот это удача
 21940 | Spider:1 | oplop: норм
 21940 | Spider:1 | namelastname112: кстати, казуал
 21947 | Spider:1 | namelastname112: тебе спайтфул 3 засчитали все-таки
 22216 | Spider:1 | oplop: он заметил
 22246 | Spider:1 | Noticed Azrael
 22274 | Spider:1 | Killed Azrael
 22331 | Spider:1 | Reached XP level 16. HP: 43/118 MP: 22/29
 22347 | Spider:1 | Noticed Aizul
 22466 | Spider:1 | oplop: когда с аше может быть полезна?
 22529 | Spider:1 | Wingboner: Там базу просто перезапускали.
 22617 | Spider:1 | Wingboner: Что именно?
 22632 | Spider:1 | oplop: C
 22632 | Spider:1 | oplop: трансфер нолидж
 22632 | Spider:1 | namelastname112: транфсвер?
 22651 | Spider:1 | namelastname112: ну это зависит
 22659 | Spider:1 | Wingboner: А. Когда есть ненужный мануал.
 22695 | Spider:1 | namelastname112: вдруг тебе хексы надоедят
 22742 | Spider:1 | namelastname112: и ты захочешь кожурить
 22748 | Spider:1 | Reached skill level 10 in Necromancy
 22829 | Spider:1 | namelastname112: или типа того
 22838 | Spider:1 | Killed Aizul
 23114 | Spider:2 | Identified the cursed +1 robe of the King {rF- rC+++ MR+ Int+2}
 23115 | Spider:2 | oplop: ясно, понятно
 23136 | Spider:2 | Wingboner: Ненужные мануалы хорошо перебивать в нужную экспу.
 23333 | Spider:2 | namelastname112: там ехук ваш
 23342 | Spider:2 | namelastname112: к успеху иде
 23348 | Spider:2 | namelastname112: т
 23355 | Spider:2 | oplop: ща сплатнется
 23355 | Spider:2 | oplop: инфа 93
 23355 | Spider:2 | namelastname112: ну он 15 собрался делать
 23355 | Spider:2 | oplop: а
 23355 | Spider:2 | oplop: гаргулья с сакред скоржем и зиной
 23355 | Spider:2 | namelastname112: да
 23355 | Spider:2 | oplop: ну если аа не будет забывать прожимать - изи
 23475 | Spider:2 | Identified the +1 scale mail "Qumavo Arupu" {rF+ MR+ Int+4 Slay+2}
 23485 | Spider:2 | oplop: сука
 23485 | Spider:2 | oplop: мне надо саммон качать
 23485 | Spider:2 | oplop: а я некроту качаю
 23537 | Spider:2 | Wingboner: !apt vp
 23542 | Spider:2 | beem: Vp: Fighting: -1, Short: 1, Long: 0, Axes: -1, Maces: -2, Polearms: -1, Staves: -2, Slings: -2, Bows: -2, Xbows: -2, Throw: -2*, Armour: -2, Dodge: 1, Stealth: 5!, Shields: -1, UC: 1!, Splcast: -1, Conj: -3*, Hexes: 4!, Charms: 1, Summ: 0, Nec: 1, Tloc: -2, Tmut: 1, Fire: -2, Ice: 0, Air: 0, Earth: 0, Poison: -1, Inv: -1*, Evo: -1, Exp: -1, HP: 0, MP: 0
 23548 | Spider:2 | namelastname112: ну мож найдешь даггер пейна
 23553 | Spider:2 | Wingboner: Некрота дешевле!
 23553 | Spider:2 | namelastname112: считай бесплатный пропуск до зота
 23553 | Spider:2 | oplop: у меня ГРИ ГРИМУАР
 23553 | Spider:2 | oplop: ТЕНТАКЛЯ
 23822 | Spider:2 | namelastname112: а хаунт завезли?
 23825 | Spider:2 | oplop: да
 23825 | Spider:2 | oplop: >50%
 23825 | Spider:2 | namelastname112: ящитаю хаунт>тентакль
 23825 | Spider:2 | namelastname112: особенно теперь
 23827 | Spider:2 | oplop: так это
 23827 | Spider:2 | namelastname112: потому что он сикнесс не дает больше
 23827 | Spider:2 | oplop: можно ВМЕСТЕ кастовать, прикинь?
 23827 | Spider:2 | namelastname112: ммм
 23827 | Spider:2 | namelastname112: слоты-то
 23827 | Spider:2 | namelastname112: не резиновые
 23827 | Spider:2 | oplop: да пофиг
 23932 | Spider:3 | Noticed Asterion
 23934 | Spider:3 | oplop: мммм
 23934 | Spider:3 | oplop: корова на спидах
 23934 | Spider:3 | oplop: ??asterion
 23934 | Spider:3 | beem: asterion[1/4]: A unique minotaur of Makhleb with {spectral weapon}, {major destruction}, and haste. Always has a demon weapon, morningstar, or broad axe, and a shield.
 23934 | Spider:3 | oplop: ??asterion[2
 23934 | Spider:3 | beem: asterion[2/4]: Likes to use explosions without caring what's being exploded. Probably don't enslave him as a Yredelemnulite, unless you like being orb of eleced to death.
 23934 | Spider:3 | oplop: ??asterion[3
 23934 | Spider:3 | beem: asterion[3/4]: When you damage his spectral weapon, he takes damage too, just like player spectral weapon.
 23934 | Spider:3 | oplop: ??asterion[4
 23934 | Spider:3 | beem: asterion[4/4]: I didn't know asterion was secretly mennas
 23943 | Spider:3 | Killed Asterion
 23944 | Spider:3 | namelastname112: от яда сдох
 23944 | Spider:3 | oplop: а, ну ок
 24098 | Spider:3 | Noticed Louise
 24100 | Spider:3 | Killed Louise
 24382 | Spider:3 | Wingboner: Последний тетмь остался.
 24394 | Spider:3 | oplop: что?
 24398 | Spider:3 | Wingboner: !lm * tetm name!=wingboner
 24398 | Spider:3 | beem: 9377. [2016-05-18 18:56:19] glosham the Meteorologist (L27 TeTm of Vehumet) reached level 25 of a Ziggurat on turn 109211. (Zig:25)
 24398 | Spider:3 | oplop: а
 24544 | Spider:3 | Wingboner: !lg glosham
 24545 | Spider:3 | beem: 860. glosham the Insei (L2 TeTm), blasted by a dart slug (slug dart) on D:3 on 2016-05-13 20:51:46, with 16 points after 181 turns and 0:04:12.
 24565 | Spider:3 | namelastname112: тыкс
 24568 | Spider:3 | namelastname112: демигода я выиграл
 24572 | Spider:3 | namelastname112: !greatplayer
 24583 | Spider:3 | beem: Unwon species for namelastname112: Deep Elf, Ghoul, Halfling, High Elf, Hill Orc, Human, Kobold, Minotaur, Mummy, Ogre, Spriggan
 24586 | Spider:3 | Wingboner: !greaterplayer namelastname112
 24589 | Spider:3 | Wingboner: Зато у тебя это должно быть.
 24589 | Spider:3 | namelastname112: всякие уроды остались
 24598 | Spider:3 | beem: namelastname112 is a greaterplayer!
 24598 | Spider:3 | oplop: орк ведь изи, не7
 24598 | Spider:3 | Wingboner: У тебя почти все простые.
 24618 | Spider:3 | namelastname112: огры это пиздец
 24621 | Spider:3 | namelastname112: ебал я огров
 24665 | Spider:3 | namelastname112: и мумию не хочу
 24680 | Spider:3 | Wingboner: Огры простые, если правильно играть.
 24680 | Spider:3 | namelastname112: !lg . og
 24681 | Spider:3 | beem: 5. namelastname112 the Skullcrusher (L27 OgHu of The Shining One), mangled by a reaper (a +1 scythe of distortion) (summoned by a mummy priest's death curse) on Zig:12 on 2016-05-01 12:02:28, with 868464 points after 88841 turns and 3:22:23.
 24690 | Spider:3 | Wingboner: Ну мумия да.
 25742 | Spider:4 | Entered Level 4 of the Spider Nest
 25788 | Spider:4 | namelastname112: гуль еще
 25797 | Spider:4 | namelastname112: унылые расы
 25807 | Spider:4 | namelastname112: неинтересные
 25807 | Spider:4 | oplop: пиздец
 25807 | Spider:4 | Wingboner: Гуль нормальный.
 25807 | Spider:4 | oplop: нужен даггер нормальный
 25807 | Spider:4 | Wingboner: Не топ, но достаточно простой.
 25807 | Spider:4 | namelastname112: в эльфы ходил?
 25807 | Spider:4 | oplop: niet
 25807 | Spider:4 | oplop: u menia mer+
 25807 | Spider:4 | namelastname112: сходи
 25807 | Spider:4 | oplop: mr+
 25807 | Spider:4 | oplop: Бля
 25807 | Spider:4 | oplop: дрейн в орках не взял
 25997 | Lair:2   | oplop: а
 25997 | Lair:2   | oplop: это мечэ
 26115 | Elf:1    | Entered Level 1 of the Elven Halls
 26133 | Elf:1    | Reached XP level 17. HP: 108/123 MP: 21/31
 26184 | Elf:1    | Noticed Donald
 26197 | Elf:1    | Killed Donald
 26205 | Elf:1    | oplop: мммм
 26205 | Elf:1    | oplop: щит +0 с рэлек
 26205 | Elf:1    | oplop: арт
 26205 | Elf:1    | oplop: или рефлект?
 26207 | Elf:1    | Wingboner: Рефлект, не арт.
 26207 | Elf:1    | Wingboner: А, тьфу.
 26207 | Elf:1    | Wingboner: Ну инта тебе нужна?
 26207 | Elf:1    | Wingboner: Тогда этот.
 26207 | Elf:1    | oplop: хз
 26207 | Elf:1    | oplop: 18 хватит наверное
 26246 | Elf:1    | Found Hubups's Magic Scroll Shoppe.
 26259 | Elf:1    | Bought a scroll of teleportation for 48 gold pieces
 26259 | Elf:1    | Bought a scroll of magic mapping for 56 gold pieces
 26259 | Elf:1    | Bought a scroll of fog for 32 gold pieces
 26259 | Elf:1    | Bought a scroll of identify for 32 gold pieces
 26545 | Elf:1    | Reached skill level 10 in Summonings
 26643 | Elf:1    | Identified Jeisun's Guide on Black Rites (You found it on level 1 of the Elven Halls)
 27257 | Elf:2    | Reached skill level 15 in Spellcasting
 27310 | Elf:2    | Found a runed gate.
 27310 | Elf:2    | Found a runed gate.
 27311 | Elf:2    | Found a runed gate.
 27420 | Elf:2    | namelastname112: сколько некроты,
 27422 | Elf:2    | namelastname112: ?
 27425 | Elf:2    | oplop: намана
 27425 | Elf:2    | namelastname112: ну норм так
 27425 | Elf:2    | namelastname112: в принципе
 27425 | Elf:2    | oplop: ща еще качну
 27744 | Elf:2    | namelastname112: хитрый план
 27764 | Elf:2    | oplop: а
 28048 | Elf:2    | Noticed a deep elf blademaster
 28057 | Elf:2    | Killed a deep elf blademaster
 28232 | Elf:3    | Entered Level 3 of the Elven Halls
 28258 | Elf:3    | Wingboner: @??norris
 28288 | Elf:3    | beem: Norris (@)
                  | Spd:
    10 | HD: 20   | HP: 176-248
                  | AC/EV: 1/9
                  | Dam: 36
                  | weapons, items, doors, fighter, priest, evil, see invisible
                  | Res: magic(140)
                  | Vul: holy
                  | XP: 5031
                  | Sp: brain feed [!AM], smiting (7-17) [!AM], invisibility [!AM], confuse [!AM], paralyse [!AM]
                  | Sz: Medium
                  | Int: human.
 28315 | Elf:3    | oplop: гм
 28315 | Elf:3    | oplop: тут многовходовый волт
 28705 | Elf:3    | Noticed Hipnos's ghost (adept DsFi)
 28706 | Elf:3    | namelastname112: >нет синва
 28706 | Elf:3    | oplop: ну да
 28707 | Elf:3    | Noticed a deep elf blademaster
 28718 | Elf:3    | namelastname112: ебать
 28718 | Elf:3    | oplop: он ему не нужен прост
 28718 | Elf:3    | namelastname112: нихуя он
 28718 | Elf:3    | namelastname112: пизданул
 28718 | Elf:3    | namelastname112: че там по хаунту
 28718 | Elf:3    | namelastname112: ммм
 28718 | Elf:3    | oplop: !title end of an era
 28718 | Elf:3    | beem: end of an era: Invocations (Qazlal)
 28718 | Elf:3    | Wingboner: Козлит.
 28733 | Elf:3    | Noticed a deep elf master archer
 29035 | Elf:3    | Identified the cursed +0 plate armour of the Shoals {Str+4 Dex+2}
 29035 | Elf:3    | oplop: гм
 29035 | Elf:3    | oplop: хороший тп
 29048 | Elf:3    | Identified the Incunabulum of Creative Heat (You found it on level 3 of the Elven Halls)
 29049 | Elf:3    | namelastname112: мммм блять
 29049 | Elf:3    | namelastname112: дум найт
 29052 | Elf:3    | namelastname112: лежит себе
 29052 | Elf:3    | namelastname112: охуеть
 29052 | Elf:3    | oplop: хы
 29052 | Elf:3    | namelastname112: а вот и книжечка
 29052 | Elf:3    | oplop: дискордец
 29052 | Elf:3    | oplop: хастец
 29052 | Elf:3    | namelastname112: сальцо
 29052 | Elf:3    | oplop: ня
 29052 | Elf:3    | oplop: я не умею сальцом пользоваться
 29052 | Elf:3    | namelastname112: а че им пользоваться
 29052 | Elf:3    | namelastname112: видишь дип эльфа со спеллами
 29052 | Elf:3    | namelastname112: типа демонолога
 29052 | Elf:3    | namelastname112: салишь
 29057 | Elf:3    | namelastname112: жаль, что ты не полноценный некр
 29057 | Elf:3    | oplop: ??doom knight
 29057 | Elf:3    | beem: sword of the doom knight[1/1]: +13 great sword. Pain, -Cast, MR+. Perfect switch for a necromancer.
 29067 | Elf:3    | oplop: хы
 29067 | Elf:3    | oplop: -сттелс
 29081 | Elf:3    | namelastname112: ммм
 29095 | Elf:3    | namelastname112: ты че там намутировал
 29095 | Elf:3    | namelastname112: а
 29095 | Elf:3    | namelastname112: резист
 29096 | Elf:3    | namelastname112: понятно
 29101 | Elf:3    | namelastname112: тыкай из
 29101 | Elf:3    | oplop: чет хаунт ссанину вызывает
 29101 | Elf:3    | namelastname112: их*
 29101 | Elf:3    | namelastname112: ножичком
 29101 | Elf:3    | oplop: пауэо норм
 29101 | Elf:3    | oplop: а вызывает ссаниу
 29101 | Elf:3    | namelastname112: ну еще кастани
 29106 | Elf:3    | namelastname112: суть хаунта в том
 29109 | Elf:3    | namelastname112: что он вызывает кучу новна
 29109 | Elf:3    | namelastname112: говна*
 29111 | Elf:3    | namelastname112: просто пиздец какую
 29122 | Elf:3    | Noticed a deep elf blademaster
 29126 | Elf:3    | namelastname112: и призраки дают иррезистбл слоу
 29127 | Elf:3    | namelastname112: ну а эти ребята
 29127 | Elf:3    | oplop: короче, заспамнливаешь им и норм
 29127 | Elf:3    | namelastname112: как их
 29127 | Elf:3    | namelastname112: варриоры
 29127 | Elf:3    | namelastname112: мр режут
 29130 | Elf:3    | Noticed an Ice Fiend
 29131 | Elf:3    | namelastname112: ща бы сало
 29131 | Elf:3    | oplop: пора лететь короче
 29131 | Elf:3    | namelastname112: ну да
 29131 | Elf:3    | oplop: ага, и огрести под салом от блейдмастера
 29131 | Elf:3    | namelastname112: уебывай
 29131 | Elf:3    | oplop: ХИТРЫЙ ПЛАН
 29131 | Elf:3    | namelastname112: ну лол
 29132 | Elf:3    | namelastname112: инвиз
 29135 | Elf:3    | namelastname112: потом сало
 29135 | Elf:3    | namelastname112: клевый теле
 29135 | Elf:3    | oplop: 10 ng bp 10
 29138 | Elf:3    | Noticed a deep elf master archer
 29557 | Elf:3    | namelastname112: инвиз
 29563 | Elf:3    | Killed a deep elf master archer
 29567 | Elf:3    | Killed a deep elf master archer
 29575 | Elf:3    | namelastname112: тыкай демонолога
 29584 | Elf:3    | Reached XP level 18. HP: 91/130 MP: 11/33
 29585 | Elf:3    | Identified the ring "Vigasemi" {rPois Str+2} (You took it off a deep elf sorcerer on level 3 of the Elven Halls)
 29654 | Elf:3    | namelastname112: ??morg
 29655 | Elf:3    | beem: morg[1/1]: Many years ago it was the property of a powerful mage called Boris. He got lost in the Dungeon while seeking the Orb. +4 dagger {pain, MR+ Int+5}.
 29659 | Elf:3    | oplop: боря
 29659 | Elf:3    | oplop: чет морг НЕОЧЕ
 29659 | Elf:3    | oplop: найду кб - выкину
 29663 | Elf:3    | namelastname112: некры мало прост
 29663 | Elf:3    | namelastname112: как мне кажется
 29675 | Elf:3    | namelastname112: я +3 пейн даггером до зота все табал
 29700 | Elf:3    | oplop: о
 29700 | Elf:3    | oplop: я лкс поймал
 29707 | Elf:3    | namelastname112: ты бы блять
 29707 | Elf:3    | namelastname112: аккуратнее
 29708 | Elf:3    | namelastname112: с 14 хп
 29718 | Elf:3    | Noticed a Hell Sentinel
 29718 | Elf:3    | HP: 6/130 [Hell Sentinel[a deep elf demonologist] (11)]
 29719 | Elf:3    | namelastname112: блять
 29720 | Elf:3    | Killed from afar by a Hell Sentinel

Skill      XL: |  1  2  3  4  5  6  7  8  9 10 11 12 13 14 15 16 17 |
---------------+----------------------------------------------------+-----
Hexes          | 5 6 7 8 9 12 14 15 | 15.5
Short Blades   | 2 3 4 6 7 9 10 | 10.2
Spellcasting   | 3 4 5 7 10 12 14 15 | 15.0
Fighting       | 1 2 3 5 6 7 8 |  8.3
Dodging        | 3 5 7 8 9 10 12 | 12.8
Stealth        | 5 8 10 | 10.7
Ice Magic      | 2 4 |  4.3
Shields        | 4 6 7 |  7.6
Translocations | 1 3 |  3.4
Summonings     | 5 6 9 12 | 12.7
Necromancy     | 5 9 11 12 | 12.8

Action                   |  1- 3 |  4- 6 |  7- 9 | 10-12 | 13-15 | 16-18 || total
-------------------------+-------+-------+-------+-------+-------+-------++-------
Melee: Dagger            |   135 |   125 |   228 |   380 |  1433 |   718 ||  3019
       Bite              |    11 |     8 |    17 |    37 |   157 |    61 ||   291
       Unarmed           |       |       |       |       |       |    10 ||    10
 Cast: Corona            |     8 |     1 |       |       |       |       ||     9
       Ensorcelled Hiber |    18 |    44 |    62 |    99 |   163 |    94 ||   480
       Tukima's Dance    |       |     2 |    14 |     4 |    24 |    10 ||    54
       Confuse           |       |     2 |    32 |    33 |   117 |    25 ||   209
       Dazzling Spray    |       |       |       |     2 |    41 |    55 ||    98
       Apportation       |       |       |       |     1 |     2 |       ||     3
       Invisibility      |       |       |       |     3 |    15 |    15 ||    33
       Haunt             |       |       |       |       |       |    12 ||    12
Invok: Curse Item        |       |       |       |     4 |     2 |       ||     6
       Scrying           |       |       |       |       |     1 |     2 ||     3
 Abil: Bat Form          |       |       |     7 |     3 |     7 |     7 ||    24
       End Transformatio |       |       |     7 |     3 |     7 |     6 ||    23
Evoke: Wand              |       |       |       |       |     2 |     1 ||     3
  Use: Scroll            |     3 |       |       |    14 |    11 |     4 ||    32
       Potion            |     1 |     3 |     7 |     1 |     5 |    12 ||    29
 Stab: Sleeping          |    23 |    33 |    46 |   104 |   158 |   136 ||   500
       Distracted        |       |     1 |     1 |     4 |     9 |     2 ||    17
       Confused          |       |     2 |    20 |    19 |    66 |    16 ||   123
       Invisible         |       |     2 |       |    19 |   187 |   117 ||   325
       Paralysed         |       |       |       |     3 |       |       ||     3
       Petrifying        |       |       |       |     2 |       |       ||     2
  Eat: Corpse            |     9 |       |       |       |       |       ||     9
Armor: Robe              |    33 |    27 |    39 |    38 |   116 |    62 ||   315
Dodge: Dodged            |   103 |    77 |   183 |   226 |  1158 |   559 ||  2306
Block: Buckler           |       |       |       |    21 |   333 |   167 ||   521
